[Event "Club Ajedrez Silla 60 Years 2022"]
[Site "Silla"]
[Date "2022.05.12"]
[Round "7.1"]
[White "Ilinca Ilinca, Felix Antonio"]
[Black "Kotronias, Vasilios"]
[Result "0-1"]
[ECO "B67"]
[WhiteElo "2165"]
[BlackElo "2465"]
[Annotator "TA"]
[PlyCount "80"]
[EventDate "2022.05.09"]
[EventType "tourn"]
[EventCountry "ESP"]
[SourceTitle "playchess.com"]
[Source "ChessBase"]
[SourceQuality "1"]
[TimeControl "5400+30"]

1. e4 c5 2. Nf3 Nc6 3. d4 cxd4 4. Nxd4 Nf6 5. Nc3 d6 6. Bg5 e6 7. Qd2 a6 8. O-O-O Bd7 $1 {[%emt 0:00:07] 8...Bd7 is better than 8...h6.} 9. f3 Be7 10. Nxc6 {[%emt 0:01:37] B67: Sicilian: Richter-Rauzer: 7...a6 8 0-0-0 Bd7, lines without 9 f4 Be7.} Bxc6 11. Bxf6 (11. Kb1 $142) 11... Bxf6 $11 12. Bc4 (12. Qxd6 $11 Qa5 13. a3 (13. Kb1 Rd8 $17)) 12... Qa5 13. Qxd6 {[%emt 0:04:40] [#]} Rd8 $146 ({Predecessor:} 13... Bxc3 14. bxc3 Qxc3 15. Bb3 Qa1+ 16. Kd2 Qf6 17. Kc1 Rd8 18. Qxd8+ Qxd8 19. Rxd8+ Kxd8 {0-1 (37) Rush,J-Browning,D Haifa 1976}) 14. Qg3 Bxc3 (14... O-O $15 15. Rxd8 Rxd8) 15. Rxd8+ $14 Qxd8 16. bxc3 {[%emt 0:00:25] aiming for Rd1.} O-O 17. Rd1 Qa5 18. Rd3 Qc5 19. Bb3 a5 20. a4 $1 Bxa4 {[%emt 0:05:19][%mdl 64] [#] Decoy} 21. Bxa4 Qa3+ 22. Kd2 Qxa4 $11 {[%emt 0:00:05][%mdl 4096] Endgame KQR-KQR} 23. Qc7 $1 Qb5 $36 {[%emt 0:00:18][%mdl 2048] Black has good play.} 24. f4 {[%emt 0:01:47] Inhibits Qg5.} (24. e5 $11) 24... h6 $17 25. Rd8 Rxd8+ 26. Qxd8+ {[%emt 0:00:10] KQ-KQ} Kh7 27. Qe7 Qc6 (27... Qf1 $17 28. Qxf7 Qxg2+ 29. Kc1 Qxe4) 28. Kd3 $2 {[%emt 0:01:49][%mdl 8192] [#] Now White is beyond hope.} (28. Qxf7 $15 Qxe4 29. Kc1) 28... f5 $1 $19 29. exf5 Qd5+ ({And not} 29... exf5 30. Qe5 $19) 30. Ke3 {[%emt 0:02:23] Hoping for f6.} exf5 {[%emt 0:00:06] ...Qe4+ is the strong threat.} 31. Qc7 $2 (31. Qe5 Qe4+ 32. Kd2 (32. Qxe4 $2 fxe4 33. c4 a4 $19)) 31... a4 {[%emt 0:03:30] Strongly threatening ...a3.} 32. c4 Qxg2 33. Kd3 Qf3+ (33... a3 $142 34. Kc3 Qf3+ 35. Kb4 a2) 34. Kd2 a3 {[%emt 0:00:09] ( -> ...a2)} 35. Qa5 Qxf4+ 36. Kd1 Qd4+ (36... Qf3+ $142 37. Kd2 Qf4+ 38. Kd3 Qe4+ 39. Kd2 Qd4+ 40. Ke2 Qxc4+ 41. Kd2 a2 42. Qxf5+ Kh8 43. Qe5 Qb4+ 44. Kd3 Qa3+ 45. Ke2 Qa4 46. h3 a1=Q 47. Qxa1 Qxa1 48. Kd3 Qf1+ 49. Kd4 Qxh3 50. c4 h5 51. Ke4 h4 52. c5 Qg2+ 53. Kf4 h3 54. c6 bxc6 55. Ke5 Qd5+ 56. Kf4 h2 57. Kg3 h1=Q 58. Kg4 Qdf3+ 59. Kg5 Qh6#) 37. Kc1 Qg1+ 38. Kd2 Qxh2+ 39. Ke1 Qxc2 40. Qxa3 Qxc4 {[%emt 0:00:09] Weighted Error Value: White=1.07/Black=0.61} 0-1

[Event "Club Ajedrez Silla 60 Years 2022"]
[Site "Silla"]
[Date "2022.05.12"]
[Round "7.2"]
[White "Petrov, Marian"]
[Black "Granero Roca, Antonio"]
[Result "1/2-1/2"]
[ECO "C54"]
[WhiteElo "2456"]
[BlackElo "2340"]
[Annotator "TA"]
[PlyCount "60"]
[EventDate "2022.05.09"]
[EventType "tourn"]
[EventCountry "ESP"]
[SourceTitle "playchess.com"]
[Source "ChessBase"]
[SourceQuality "1"]
[TimeControl "5400+30"]

1. e4 e5 2. Nf3 Nc6 3. Bc4 Bc5 4. c3 Nf6 5. d4 exd4 6. cxd4 Bb4+ 7. Bd2 Bxd2+ 8. Nbxd2 d6 9. O-O O-O 10. Re1 Bg4 {[%emt 0:01:13] C54: Giuoco Piano: 4 c3 Nf6, main lines with 5 d4 and 5 d3.} 11. d5 Ne5 {[%emt 0:00:16] [#] aiming for ...Bxf3.} 12. Be2 {[%emt 0:00:08] White wants to play Nxe5.} Bxf3 {[%emt 0:00:21] [#] The position is equal.} 13. Nxf3 $146 ({Predecessor:} 13. Bxf3 Re8 14. Qc2 Re7 15. Re3 Nfd7 16. b4 Nxf3+ 17. Nxf3 Ne5 18. Nxe5 dxe5 19. Rg3 {0-1 (80) Akshaya,N-Krushna,M Chennai 2006}) 13... Nxe4 14. Nxe5 dxe5 15. Bf3 Nd6 16. Rxe5 Re8 17. Rxe8+ Qxe8 18. Rc1 Qd7 19. Qd3 Re8 20. g3 Re7 21. Kg2 h6 22. a3 a6 23. Rc2 Qb5 24. Qxb5 Nxb5 $11 {[%emt 0:00:08][%mdl 4096] Endgame KRB-KRN} 25. a4 Nd6 26. h4 Kf8 27. Rc3 Ke8 28. Kf1 Kd8 29. Rc2 Re5 30. Rc3 f6 {[%emt 0:00:06] Weighted Error Value: White=0.07 (flawless) /Black=0.04 (flawless)} 1/2-1/2

[Event "Club Ajedrez Silla 60 Years 2022"]
[Site "Silla"]
[Date "2022.05.12"]
[Round "7.3"]
[White "Salvador Lopez, Daniel"]
[Black "Krasteva, Beloslava"]
[Result "1/2-1/2"]
[ECO "B49"]
[WhiteElo "2134"]
[BlackElo "2268"]
[Annotator "TA"]
[PlyCount "120"]
[EventDate "2022.05.09"]
[EventType "tourn"]
[EventCountry "ESP"]
[SourceTitle "playchess.com"]
[Source "ChessBase"]
[SourceQuality "1"]
[TimeControl "5400+30"]

1. e4 c5 2. Nc3 Nc6 3. a3 e6 4. Nf3 a6 5. d4 cxd4 6. Nxd4 Qc7 7. Be3 b5 8. Nxc6 Qxc6 9. Be2 Bb7 {[%emt 0:00:29] B49: Sicilian: Taimanov: 5 Nc3 Qc7 6 Be3 a6 7 Be2.} 10. O-O Bd6 11. Bf3 Qc7 12. h3 Nf6 {[%emt 0:00:49] [#]} 13. Re1 $146 ({Predecessor:} 13. Bd4 e5 14. Be3 h6 15. Qd3 Bc5 16. Nd1 O-O 17. Bxc5 Qxc5 18. Ne3 Rfe8 19. Rfe1 {0-1 (66) Garcia Matos,R (2371)-Ramirez Alvarez,A (2566) Merida 2017}) 13... Bh2+ 14. Kh1 {[%emt 0:00:48] Threatens to win with g3.} Be5 15. Bd4 O-O 16. Qd3 Bxd4 17. Qxd4 e5 18. Qe3 Bc6 19. Rad1 d6 20. g4 Rfd8 21. Re2 Nd7 22. Red2 Nf8 23. Ne2 Ne6 24. Bg2 Re8 25. Ng3 g6 {[%emt 0:27:00] Against Nf5} 26. Qh6 Rad8 27. Nf5 gxf5 28. gxf5 Kh8 29. fxe6 Rxe6 30. Qe3 ({Better is} 30. Qh4 $11) 30... Rg8 {[%emt 0:00:43] Strongly threatening ...Reg6.} 31. Bf3 Qe7 (31... f5 {is more complex.} 32. exf5 Rh6 33. Bxc6 Qxc6+ 34. Rd5 Rh5) 32. Rg1 Reg6 33. Rxg6 Rxg6 34. Bg4 Qh4 (34... Bd7 $11 {keeps the balance.} 35. f3 Be6) 35. Bf5 $1 $16 Rf6 36. Kh2 Rh6 ({Black should try} 36... Bb7 $14) 37. f3 Be8 38. Rg2 f6 $2 (38... Rh5 $16 39. Kh1 h6) 39. Rg3 {[%emt 0:01:16] Black must now prevent Qb6.} Rh5 40. Qa7 $1 Rg5 {[%emt 0:00:09] Prevents Qg7+.} 41. Rxg5 {[%emt 0:00:14] Active counter play!} fxg5 $18 {[%emt 0:00:07][%mdl 4096] Endgame KQB-KQB} 42. Kg2 g4 43. hxg4 (43. fxg4 $6 Qh6 44. Qf2 Kg7 $16) 43... Qh6 $2 (43... Kg8 44. Qb8 Qe7) 44. Qe7 Qd2+ 45. Kh3 $1 ({Worse is} 45. Kg3 Qe1+ 46. Kh2 (46. Kg2 Qe2+ 47. Kg3 Qe1+ 48. Kh2 Qe2+ 49. Kh3 Qxf3+ 50. Kh4 Qf2+ 51. Kh3 Qf3+ 52. Kh4 Qf2+ 53. Kg5 Qe3+ 54. Kh4 Qf2+ $11) 46... Qf2+ 47. Kh1 (47. Kh3 Qxf3+ 48. Kh4 Qf2+ 49. Kh3 Qf3+ 50. Kh4 Qf2+ 51. Kh3 Qf3+ $11) 47... Qe1+ 48. Kh2 (48. Kg2 Qe2+ 49. Kg3 Qe1+ 50. Kh3 Qh1+ 51. Kg3 Qe1+ $11) 48... Qf2+ 49. Kh1 (49. Kh3 Qxf3+ 50. Kh4 Qf2+ 51. Kh3 Qf3+ 52. Kh4 Qf2+ 53. Kh3 Qf3+ $11) 49... Qe1+ 50. Kh2 $11 (50. Kg2 Qe2+ 51. Kh3 Qxf3+ 52. Kh4 Qf2+ 53. Kg5 Qf4+ 54. Kh4 Qh6+ 55. Kg3 Qe3+ 56. Kg2 Qe2+ 57. Kh1 Qf1+ 58. Kh2 Qf2+ 59. Kh3 Qf3+ 60. Kh4 Qf2+ 61. Kh3 Qf3+ $11)) 45... Qh6+ 46. Qh4 $1 ({Weaker is} 46. Kg2 Qd2+ 47. Kh3 (47. Kg3 Qe1+ 48. Kh3 Qh1+ 49. Kg3 Qe1+ 50. Kh3 Qh1+ 51. Kg3 Qe1+ $11) 47... Qh6+ 48. Qh4 (48. Kg2 Qd2+ $16) 48... Qxh4+ 49. Kxh4 a5 $18) 46... Qxh4+ 47. Kxh4 {[%emt 0:00:06] aiming for b4. KB-KB} a5 48. Kg5 {[%emt 0:00:54] And now Kh6 would win.} Kg7 {[%emt 0:00:10] [#]} 49. Bc8 $1 b4 (49... Bf7 $142 50. Ba6 h6+ 51. Kf5 Bc4) 50. axb4 axb4 {[%emt 0:00:01] [#]} 51. c3 $2 (51. Kf5 $1 $18 ) 51... bxc3 $14 52. bxc3 {[%emt 0:00:06] Kf5 is the strong threat.} Bb5 53. f4 (53. Kf5 $14 Bc4 54. Be6) 53... h6+ $1 $11 {[%emt 0:00:23] The position is equal.} 54. Kf5 exf4 55. Kxf4 Kf6 {[%emt 0:00:03] Against e5+} 56. Bb7 Be2 57. Bd5 Bd1 58. c4 Be2 59. Bg8 Bd1 60. Bd5 Be2 {[%emt 0:00:07] White really could win this.  Weighted Error Value: White=0.24 (precise) /Black=0.28 (precise)} 1/2-1/2

[Event "Club Ajedrez Silla 60 Years 2022"]
[Site "Silla"]
[Date "2022.05.12"]
[Round "8.1"]
[White "Kotronias, Vasilios"]
[Black "Salvador Lopez, Daniel"]
[Result "1-0"]
[ECO "B12"]
[WhiteElo "2465"]
[BlackElo "2134"]
[Annotator "TA"]
[PlyCount "37"]
[EventDate "2022.05.09"]
[EventType "tourn"]
[EventCountry "ESP"]
[SourceTitle "playchess.com"]
[Source "ChessBase"]
[SourceQuality "1"]
[TimeControl "5400+30"]

1. e4 c6 2. d4 d5 3. e5 Bf5 4. h4 h5 5. Bd3 Bxd3 6. Qxd3 e6 7. Bg5 {[%emt 0:00:05] B12: Caro-Kann: Advance Variation.} Qa5+ 8. Nd2 Qa6 9. c4 {[%emt 0:02:01] White has an edge.} Bb4 10. b3 Ne7 11. Ne2 Nd7 12. O-O Bxd2 (12... f6 $14) 13. Bxe7 $16 ({Much less strong is} 13. Qxd2 dxc4 14. Bxe7 (14. Qb4 c5 $15) 14... Kxe7 $14) 13... Kxe7 14. Qxd2 {[%emt 0:00:06] [#]} Rag8 $146 (14... dxc4 $16 15. bxc4 Kf8) ({Predecessor:} 14... dxc4 15. bxc4 Qxc4 16. Rfc1 Qa6 17. Ng3 f5 18. Qg5+ Kf7 19. Nxf5 exf5 20. e6+ Kg8 21. exd7 Qa5 22. Re1 {1-0 (22) Ortiz Suarez,I (2531)-Miranda Mesa,E (2475) Santa Clara 2022}) 15. Rfc1 Qb6 (15... Re8 $142 16. cxd5 exd5 17. Qg5+ Kf8) 16. a4 {[%emt 0:01:02][%cal Ba2a4,Ba4a5][%mdl 32] [#] And now cxd5 would win.} f6 $2 (16... dxc4 {is more resistant.} 17. bxc4 Qc7) 17. a5 $18 {[%emt 0:02:51] White is clearly winning.} Qc7 (17... Qd8 $142 18. Qb4+ Kf7 19. cxd5 cxd5 20. Qxb7 Re8 21. exf6 gxf6 22. Qxa7 Re7) 18. cxd5 exd5 19. Nf4 {[%emt 0:00:15] White took control after the opening.  Weighted Error Value: White=0.07 (flawless) /Black=0.67} 1-0

[Event "Club Ajedrez Silla 60 Years 2022"]
[Site "Silla"]
[Date "2022.05.12"]
[Round "8.2"]
[White "Krasteva, Beloslava"]
[Black "Petrov, Marian"]
[Result "1-0"]
[ECO "A41"]
[WhiteElo "2268"]
[BlackElo "2456"]
[Annotator "TA"]
[PlyCount "63"]
[EventDate "2022.05.09"]
[EventType "tourn"]
[EventCountry "ESP"]
[SourceTitle "playchess.com"]
[Source "ChessBase"]
[SourceQuality "1"]
[TimeControl "5400+30"]

1. d4 d6 2. c4 e5 3. d5 Be7 4. Nc3 a5 5. Nf3 Na6 6. e4 {[%emt 0:01:08] A41: 1 d4 d6: Tartakower System and Modern Defence.} Nc5 7. Be3 Bg4 {[%emt 0:00:56] [#]} ({Black should try} 7... b6 $14) 8. Be2 $146 {[%emt 0:01:06][%cal Bf1e2,Be2f3,Bf3g4][%mdl 32] White is better.} ({Predecessor:} 8. Bxc5 dxc5 9. Qa4+ Bd7 10. Qc2 Bf6 11. O-O-O Ne7 12. Ne1 O-O 13. Nd3 b6 14. g3 {1-0 (56) Avrukh,B (2500)-Tischbierek,R (2500) Budapest 1996}) 8... Bxf3 9. Bxf3 Bg5 10. Bxc5 dxc5 11. g3 Ne7 12. h4 Bh6 13. Bg4 O-O 14. Qc2 g6 15. h5 Kg7 16. hxg6 (16. Qe2 $16) 16... fxg6 (16... hxg6 $14 17. Rd1 Rh8) 17. Nb5 $16 {[%emt 0:05:10][%cal Of2f4] Threatens to win with f4!} Ng8 18. Qc3 {[%emt 0:01:04] White is more active.} ({White should play} 18. Be6) 18... Qg5 $2 {[%emt 0:11:05][%mdl 8192] Black cannot hold the game after this.} (18... c6 $16 {is more resistant.}) 19. Nxc7 $18 {[%emt 0:13:37] Black must now prevent Ne6+.} Qxg4 20. Qxe5+ Rf6 $2 (20... Nf6 21. Ne6+ (21. Nxa8 Qf3 $16) 21... Kg8 22. Rxh6 Nh5 23. Nxf8 Rxf8) 21. Nxa8 Qf3 22. O-O Bd2 23. Rad1 Nh6 24. Rxd2 {[%emt 0:01:17] Hoping for Nc7.} Nf7 25. Qe7 g5 {[%emt 0:00:12] [#]} 26. Rd3 $3 Qxd3 27. Nc7 {[%emt 0:03:21] White threatens Ne8+ and mate.} Rh6 28. Kg2 Kg8 29. Ne8 $2 (29. Re1 {aiming for Ne6.} g4 30. Re3) 29... Qxc4 $2 (29... Qd4 30. Nc7 Qe5 31. Qxe5 (31. Qxc5 Qxe4+ 32. f3 Qc2+ 33. Rf2 Qc1 $11) 31... Nxe5) 30. Nf6+ ({Inferior is} 30. Rh1 Rxh1 31. Nf6+ Kg7 32. Ne8+ Kg8 33. Nf6+ Kg7 34. Ne8+ Kg8 $11) (30. Nc7 $142) 30... Kg7 $2 (30... Rxf6 $18 31. Qxf6 Qxe4+ 32. Kg1 h5) 31. Ng4 (31. Nd7 $142 Qxe4+ 32. Qxe4 Rd6 33. Nxc5 Rd8 34. Ne6+ Kf6 35. Nxd8 Nxd8 36. Re1) 31... Rg6 {[%emt 0:01:52] [#]} 32. Qxf7+ $3 {[%emt 0:00:17][%mdl 512] Weighted Error Value: White=0.23 (precise) /Black=0.44} 1-0

[Event "Club Ajedrez Silla 60 Years 2022"]
[Site "Silla"]
[Date "2022.05.12"]
[Round "8.3"]
[White "Granero Roca, Antonio"]
[Black "Ilinca Ilinca, Felix Antonio"]
[Result "0-1"]
[ECO "A09"]
[WhiteElo "2340"]
[BlackElo "2165"]
[Annotator "TA"]
[PlyCount "116"]
[EventDate "2022.05.09"]
[EventType "tourn"]
[EventCountry "ESP"]
[SourceTitle "playchess.com"]
[Source "ChessBase"]
[SourceQuality "1"]
[TimeControl "5400+30"]

1. Nf3 c5 2. g3 Nc6 3. Bg2 e5 4. d3 d5 5. O-O Be7 6. c4 d4 7. Na3 {[%emt 0:01:16] A09: Réti Opening: 1 Nf3 d5 2 c4.} Nf6 8. Bg5 O-O 9. Nc2 {[%emt 0:01:25] Black is slightly better.} Be6 10. a3 a5 11. Rb1 a4 12. b4 axb3 13. Rxb3 Qc7 14. Nd2 h6 15. Bxf6 Bxf6 16. e3 {[%emt 0:01:33] [#]} Be7 $146 ({Predecessor:} 16... Rfb8 17. exd4 Nxd4 18. Nxd4 cxd4 19. Qb1 Be7 20. Qb2 Ra7 21. Ra1 Bd7 22. Qb1 Ba4 23. Rb2 Bd7 24. Rb3 Ba4 25. Rb2 Bd7 {½-½ (27) Petrosian,T-Flohr,S Moscow 1955}) 17. exd4 exd4 18. f4 g6 {[%emt 0:03:59] Against Qh5} 19. Re1 Rfe8 20. Ne4 (20. Rxe6 $11 {feels stronger.} fxe6 21. Qg4) 20... b6 $17 21. Qf3 Na5 (21... Bd7 $17) 22. Rb2 Rab8 23. Nf2 (23. g4 $11) 23... Bf6 24. h4 h5 25. Ne4 Bg7 {[%emt 0:00:42][%cal Oa5c4] And now ...Nxc4! would win.} 26. Rbb1 Bf5 27. Kh2 Qd7 28. Rb5 $2 {[%emt 0:01:52] [#]} (28. Qf2 $15) 28... Nxc4 $1 $19 29. dxc4 (29. a4 Bxe4) 29... d3 {[%emt 0:00:39] Hoping for ...Bxe4.} 30. Nxc5 {[%emt 0:00:50] [#]} (30. Qf2 $142) 30... dxc2 $1 31. Nxd7 $15 Rxe1 32. Rxf5 gxf5 {[%emt 0:00:55] Really sharp!} 33. Nxb8 c1=Q 34. Qxh5 Qc2 (34... Qxa3 35. Bd5 Qb2+ 36. Kh3 $11) 35. Nd7 {[%emt 0:01:01] [#]} (35. Kh3 $1 $15) 35... Re2 $1 $19 {[%emt 0:01:33][%mdl 1024] Black has strong compensation.} ({Inferior is} 35... Qf2 36. Ne5 Bxe5 37. fxe5 $11) 36. Qf3 {[%emt 0:00:25] [#]} Qe4 $1 ({And not} 36... Qxc4 37. Nxb6 Qe4 38. Kh3 $17) 37. Kh3 Bd4 {[%emt 0:01:47] Threatens to win with ...Re3.} ({Don't take} 37... Qxc4 38. Bf1 Qe6 39. Bxe2 $16) 38. a4 (38. Qf1 $17 {only move.} Qe3 39. Qd1) 38... Kg7 $2 (38... Re3 $19 {and Black stays clearly on top.} 39. Qf1 Qe6) 39. Qf1 $17 Qd3 $40 {[%emt 0:02:30][%mdl 128] Strongly threatening ...f6. Black wants a kill. Black is more active.} 40. h5 $2 (40. Ne5 $17 Qc2 41. Nf3) 40... Bf2 $2 (40... f6 {( -> ...Bf2)} 41. Qf3 Re3) 41. Qa1+ $19 Bd4 $2 (41... Kh7 42. Nf6+ Kh8 43. Nd7+ Kh7 44. Nf6+ Kh8 45. Nd7+ Kg8 46. Nf6+ Kh8) 42. Qf1 f6 {[%emt 0:02:18] Inhibits Ne5.} 43. Qf3 Re3 {[%emt 0:01:29][%mdl 64] Skewer, Deflection} 44. Qa8 Rxg3+ 45. Kh2 Rg4 46. Qf3 Qxf3 $2 (46... Be3 {mates} 47. Ne5 fxe5 48. Qb7+ Kh6 49. Qc6+ Kh7 50. Qb7+ Rg7 51. Qf3 Bxf4+ 52. Kh1 Qd2 53. h6 Rg6 54. Qb7+ Kxh6 55. Qf3 Rg3 56. Kg1 Rxf3 57. Bxf3 Be3+ 58. Kh1 Qf2 59. Bg2 Qg1#) 47. Bxf3 Rxf4 {[%emt 0:00:08][%mdl 4096] Endgame KRB-KBN} 48. Kg2 Kh6 49. Kg3 Be5 50. Nxb6 $2 (50. Bd5) 50... Rxc4+ {[%emt 0:00:48] Black is clearly winning.} 51. Kg2 Rc2+ 52. Kh1 Rh2+ 53. Kg1 Ra2 54. Kh1 Kg5 55. Bc6 Rh2+ 56. Kg1 Rc2 57. h6 Kxh6 58. Bd7 Bd4+ {[%emt 0:00:10] Weighted Error Value: White=0.73/Black=0.49} 0-1

[Event "Club Ajedrez Silla 60 Years 2022"]
[Site "Silla"]
[Date "2022.05.13"]
[Round "9.1"]
[White "Granero Roca, Antonio"]
[Black "Kotronias, Vasilios"]
[Result "1/2-1/2"]
[ECO "C92"]
[WhiteElo "2340"]
[BlackElo "2465"]
[Annotator "TA"]
[PlyCount "29"]
[EventDate "2022.05.09"]
[EventType "tourn"]
[EventCountry "ESP"]
[SourceTitle "playchess.com"]
[Source "ChessBase"]
[SourceQuality "1"]
[TimeControl "5400+30"]

1. e4 e5 2. Nf3 Nc6 3. Bb5 a6 4. Ba4 Nf6 5. O-O Be7 6. Re1 b5 7. Bb3 O-O 8. c3 d6 9. h3 Bb7 10. a4 {[%emt 0:00:00] C92: Closed Ruy Lopez: 9...Be6, Karpov and Flohr-Zaitsev Variations.} Re8 (10... Na5 $5 ) 11. Ng5 Rf8 {[%emt 0:00:05] [#]} 12. Nf3 $146 ({Predecessor:} 12. d4 h6 13. Nf3 Re8 14. Nbd2 Bf8 15. d5 Ne7 16. Qe2 c6 17. dxc6 Bxc6 18. axb5 axb5 19. Rxa8 Qxa8 20. Bc2 Ng6 21. g3 Qc8 22. Kh2 Bd7 23. Ng1 Nh7 {0-1 (73) Janik,M (1853)-Koziol,P (1883) Warsaw 2013}) 12... Re8 13. Ng5 Rf8 14. Nf3 Re8 15. Ng5 {[%emt 0:01:00] An uneventful encounter.  Weighted Error Value: White=0.19 (very precise) /Black=0.03 (flawless)} 1/2-1/2

[Event "Club Ajedrez Silla 60 Years 2022"]
[Site "Silla"]
[Date "2022.05.13"]
[Round "9.2"]
[White "Ilinca Ilinca, Felix Antonio"]
[Black "Krasteva, Beloslava"]
[Result "1-0"]
[ECO "E14"]
[WhiteElo "2165"]
[BlackElo "2268"]
[Annotator "TA"]
[PlyCount "85"]
[EventDate "2022.05.09"]
[EventType "tourn"]
[EventCountry "ESP"]
[SourceTitle "playchess.com"]
[Source "ChessBase"]
[SourceQuality "1"]
[TimeControl "5400+30"]

1. c4 e6 2. Nc3 d5 3. d4 Be7 4. Nf3 Nf6 5. e3 O-O 6. Be2 b6 7. cxd5 exd5 8. O-O Bb7 9. b3 {[%emt 0:02:17] E14: Queen's Indian: Classical Variation (4 e3).} Nbd7 10. Bb2 a6 11. Rc1 {[%emt 0:01:41] The position is equal.} Bd6 12. Bd3 Qe7 {[%emt 0:00:51] 12...Ne4 injects fresh life into this line.} 13. Qe2 Ne4 14. Rfd1 f5 {[%emt 0:00:44] [#]} 15. Nd2 $146 (15. Rc2 $11) ({Predecessor:} 15. Rc2 Rf6 16. g3 b5 17. Qf1 Rh6 18. a4 b4 19. Ne2 Ndf6 20. h3 Rf8 21. Ne5 c5 22. Nf3 Nd7 23. Qg2 cxd4 24. Nexd4 {½-½ (23) Kustar,S (2373)-Gonda,L (2449) Hungary 2004}) 15... Rf6 $15 {[%emt 0:01:52][%cal Od6h2] And now ...Bxh2+! would win.} 16. Nf1 Rh6 17. g3 Qf7 18. f3 Nxc3 19. Bxc3 b5 20. Bb2 Re8 21. Qc2 Rf6 22. Re1 Qh5 23. Kg2 c5 $2 (23... Rf7 $15 {keeps the upper hand.}) 24. dxc5 $16 Nxc5 (24... Ne5 $16 {was worth a try.} 25. Be2 (25. cxd6 $2 Qxf3+ 26. Kg1 d4 $19) 25... d4 26. Bxd4 (26. cxd6 d3 $16) 26... Rh6) 25. Bxf6 $18 {[%emt 0:10:41] Bd4 is the strong threat.} d4 {[%emt 0:00:04] [#]} 26. Nd2 Rxe3 {[%emt 0:05:44] [#]} (26... dxe3 27. Bd4) 27. Rxe3 (27. Bxd4 $2 Rxd3 28. Bxc5 Rxd2+ $1 29. Qxd2 Qxf3+ 30. Kg1 Bxc5+ 31. Rxc5 Qh1+ 32. Kf2 Qxh2+ 33. Ke3 Qxg3+ 34. Kd4 Qd6+ 35. Rd5 Qxd5+ 36. Kc3 b4+ 37. Kc2 Qc5+ 38. Kd3 h6 $19) (27. Bc4+ $142 $1 Kf8 (27... Kh8 28. Rxe3) 28. Rxe3 (28. Bxd4 Rxf3 29. Nxf3 Qxf3+ 30. Kg1 Qh1+ 31. Kf2 Qg2+ 32. Ke3 f4+ 33. gxf4 Bxf4+ 34. Kxf4 Qf3+ 35. Kg5 Ne4+) 28... dxe3 29. Bxg7+ $1 Kxg7 30. Qc3+ Kf8 31. Re1 (31. Qxe3 bxc4 32. Rxc4 f4 $18)) 27... dxe3 {[%emt 0:00:05] [#]} 28. Be2 $1 gxf6 {[%emt 0:04:04] [#]} 29. Nf1 (29. Nc4 $1 $16 bxc4 30. Qxc4+ Kg7 31. Rd1) 29... f4 $36 {[%emt 0:01:57][%mdl 2048] Black has the initiative.} 30. Rd1 Qe5 (30... Bf8 $1 $11) 31. gxf4 $1 $18 Qxf4 32. Qc3 $2 ({Inferior is} 32. Rxd6 Qxd6 33. Nxe3 Ne6 $11) (32. Ng3 $1 $18) 32... Qg5+ (32... Ne6 $1 $14 33. Qxe3 Qg4+ 34. Ng3 (34. Kf2 Qh4+ 35. Kg2 Nf4+ 36. Kh1 Qh3 $17) 34... Bc5 35. Rd8+ Nxd8 36. Qxc5 Qd7) 33. Ng3 $1 Bc7 {[%emt 0:03:21] [#]} 34. b4 $2 (34. Qc2 $1 $18 {Strongly threatening b4.} Bc8 35. Kh1) 34... Ne6 $11 35. Rd7 {[%emt 0:01:49] Dancing on a razor blade.} Nf4+ $2 (35... Bxg3 $11 {and Black has nothing to worry.} 36. hxg3 Nf4+ 37. Kf1 Qxg3 38. Rd8+ Kg7 39. Qxe3 (39. Rd7+ $2 Kh6 $19) 39... Qh3+ 40. Kf2 Qh2+ 41. Kf1 Qh1+ 42. Kf2 Qh4+ 43. Kf1 Qh3+ 44. Kf2 Qh4+ 45. Kf1 Qh1+ 46. Kf2 Qh4+) 36. Kf1 $18 Nd5 {[%emt 0:00:36] [#]} 37. Rxd5 Bxd5 (37... Qxd5 38. Qxc7) 38. Qxc7 {[%emt 0:00:16] Threatens to win with f4.} h5 39. Qd8+ (39. f4 $142 Qh6 40. Qd8+ Qf8 41. Qxd5+ Qf7 {[#]} 42. Nxh5 $1) 39... Kg7 40. Qc7+ $2 (40. Qe7+ $18 Bf7 41. Bd3) 40... Bf7 $2 (40... Kg8 $11 41. f4 Qh6 42. Qd8+ Qf8 43. Qxd5+ Qf7 44. Nxh5 Kf8 45. Qd8+ Qe8 46. Qxf6+ Qf7 47. Qd8+ Qe8 48. Qd6+ Qe7 49. Qxa6 Kf7 50. Qxb5 Qd6 51. Qf5+ Ke7 52. Qg5+ Kf8 53. Qg7+ Ke8 54. Nf6+ Kd8 55. Qg8+ Kc7 56. Ne8+ Kd7 57. Nxd6 Kxd6 58. Qd8+ Ke6 59. Bc4+ Kf5 60. Qg5+ Ke4 61. Qe5+ Kf3 62. Be2#) 41. f4 {[%emt 0:00:25] White is clearly winning.} Qd5 42. Bxh5 {[%emt 0:00:50] aiming for Qxf7+.} e2+ 43. Bxe2 {[%emt 0:00:09] Weighted Error Value: White=0.56/Black=0.60} 1-0

[Event "Club Ajedrez Silla 60 Years 2022"]
[Site "Silla"]
[Date "2022.05.13"]
[Round "9.3"]
[White "Petrov, Marian"]
[Black "Salvador Lopez, Daniel"]
[Result "1-0"]
[ECO "B12"]
[WhiteElo "2456"]
[BlackElo "2134"]
[Annotator "TA"]
[PlyCount "59"]
[EventDate "2022.05.09"]
[EventType "tourn"]
[EventCountry "ESP"]
[SourceTitle "playchess.com"]
[Source "ChessBase"]
[SourceQuality "1"]
[TimeControl "5400+30"]

1. e4 c6 2. d4 d5 3. e5 c5 4. dxc5 Nc6 5. f4 e6 6. Be3 $1 {[%emt 0:00:07] B12: Caro-Kann: Advance Variation.} d4 7. Bf2 Bxc5 8. Nd2 {[%emt 0:01:51] White is slightly better.} Nge7 9. Bd3 Nd5 10. Qf3 Qa5 (10... O-O $11) 11. a3 g5 (11... Ncb4 $1 $14) 12. g3 {[%emt 0:01:16] [#]} Bd7 $146 ({Predecessor:} 12... Bb4 13. Rd1 Bxd2+ 14. Rxd2 Bd7 15. Ne2 O-O-O 16. Be4 Ne3 17. Bxe3 dxe3 18. Qxe3 gxf4 19. gxf4 {1-0 (27) Ghimpu,S (2355)-Padurariu,M (2186) Jupiter 2021}) 13. Ne2 {[%emt 0:03:11] Black must now prevent 0-0-0.} g4 $1 ({Resist} 13... gxf4 14. gxf4 Ncb4 15. Bxd4 $14) 14. Qxg4 {[%emt 0:04:15] aiming for Qf3.} Ne3 15. Qh3 {[%emt 0:17:33] [#]} (15. Qg7 $11 {remains equal.} O-O-O 16. Rc1 (16. Qxf7 Bb4 $17)) 15... Nb4 $3 $17 {[%emt 0:04:07][%mdl 576] Pin} 16. Rc1 Bc6 $2 {[%emt 0:04:47][%mdl 8192] This move loses the game for Black.} (16... Nxd3+ $11 17. cxd3 Bb6) 17. axb4 $18 Bxb4 {[%emt 0:04:35] [#]} (17... Qxb4 $142 18. Rg1 (18. c3 dxc3 19. bxc3 Qa4 $18) 18... O-O-O) 18. c3 $1 Ng2+ (18... dxc3 19. bxc3) 19. Kf1 Ne3+ 20. Bxe3 dxe3 21. cxb4 Qd5 22. Be4 exd2 (22... Qxd2 $142 23. Bxc6+ bxc6) 23. Bxd5 {[%emt 0:00:08] White is clearly winning.} dxc1=Q+ 24. Nxc1 Bxd5 25. Rg1 Rc8 26. Ne2 Rc2 27. Nc3 Bc4+ 28. Ke1 O-O 29. Rg2 Rc1+ 30. Kd2 {[%emt 0:00:05] Weighted Error Value: White=0.22 (precise) /Black=0.50} 1-0